Map: Kairos Junction LE

Players

Bly - Winner!

  • Race: Zerg Zerg
  • Spawn Location: 11:00

NtStreamline

  • Race: Terran Terran
  • Spawn Location: 5:00

Event: 2019 WCS Spring

VOD

Have the link to the VOD?

Description

Time

  • Played on: May 17, 2019, 6:15 a.m.
  • Length: 4:24

All games in this series

Show
View Real Time Build Order
Export as new Build Order

Bly Zerg - Winner!

Build Orders: Pool First 

Get SALT Encoding   

  12  0:01  Drone  
  13  0:13  Overlord  
  13  0:16  Drone  
  14  0:31  Drone x2  
  16  0:41  Spawning Pool  
  15  0:44  Drone  
  17  0:50  Drone  
  17  0:56  Extractor  
  16  1:06  Drone  
  17  1:16  Hatchery  
  16  1:22  Drone  
  17  1:28  Zergling x2  
  17  1:29  Zergling x2  
  19  1:36  Queen  
  21  1:44  Overlord  
  21  1:55  Roach Warren  
  21  1:59  Drone  
  21  2:06  Overlord  
  21  2:34  Drone  
  21  2:35  Roach x3  
  28  2:39  Roach  
  30  2:50  Drone  
  30  2:51  Drone x3  
  33  3:01  Queen, Drone  
  36  3:10  Ravager x2  
  36  3:11  Drone  
  36  3:12  Drone  
  40  3:19  Drone  
  41  3:25  Overlord  
  41  3:26  Drone x3  
  44  3:34  Ravager, Extractor  
  44  3:46  Overlord, Drone x3  
  46  3:56  Overlord  
  46  4:00  Overlord  
  46  4:01  Ravager  
  46  4:02  Overlord  
Show
View Real Time Build Order
Export as new Build Order

NtStreamline Terran 

Build Orders: Gas First Reaper Expand 

Get SALT Encoding   

  12  0:00  SCV  
  13  0:13  SCV  
  14  0:17  Supply Depot  
  14  0:25  SCV  
  15  0:29  Refinery  
  15  0:39  SCV  
  16  0:45  Barracks  
  16  0:51  SCV  
  17  1:03  SCV  
  18  1:15  SCV  
  19  1:34  Reaper, Orbital Command  
  20  1:48  Command Center  
  19  1:57  Supply Depot  
  19  2:02  SCV  
  19  2:06  Marine  
  21  2:11  Refinery  
  21  2:14  SCV  
  22  2:26  SCV  
  22  2:27  Barracks Reactor  
  23  2:31  Factory  
  23  2:38  SCV  
  24  2:50  SCV  
  24  2:58  Bunker  
  24  3:03  Barracks Tech Lab  
  24  3:04  Orbital Command  
  24  3:06  SCV  
  25  3:18  Starport  
  25  3:19  Bunker  
  25  3:22  Marauder  
  25  3:23  SCV  
  25  3:25  Factory Tech Lab  
  28  3:33  SCV  
  29  3:35  SCV  
  29  3:43  Marauder  
Tags
 
Add a new tag
Caveats
  • Supply blocks, unpowered buildings, or Contaminate may cause inaccurate times.
  • Supply counts are checked every 10 seconds.